BR (22 & UNDER)
GRAND RAPIDS DUTCH OVENS @ YELLOWKNIFE CLAWS
09/23/2028
 
TOP OF THE 1ST
Grand Rapids Dutch Ovens batting - Pitching for Yellowknife Claws : RHP Jason Willis
Pitching: RHP Jason Willis
Batting: SHB Joe Emery 0-0: Called Strike
0-1: Called Strike
0-2: Fly out, F6 (Popup, 6D)
Batting: RHB Jason Philip 0-0: Ball
1-0: Called Strike
1-1: Ball
2-1: Called Strike
2-2: Strikes out looking
Batting: SHB John May 0-0: Called Strike
0-1: Swinging Strike
0-2: Strikes out looking
Top of the 1st over - 0 run(s), 0 hit(s), 0 error(s), 0 left on base; Grand Rapids 0 - Yellowknife 0
BOTTOM OF THE 1ST
Yellowknife Claws batting - Pitching for Grand Rapids Dutch Ovens : LHP Germán Rivas
Pitching: LHP Germán Rivas
Batting: RHB Sergio Ortíz 0-0: Called Strike
0-1: Foul Ball, location: 2F
0-2: Ball
1-2: Ground out 1-3 (Groundball, 15S)
Batting: RHB Preston Church 0-0: Ball
1-0: Foul Ball, location: 2F
1-1: Called Strike
1-2: Strikes out swinging
Batting: RHB Rubén Palma 0-0: Ball
1-0: Called Strike
1-1: Foul Ball, location: 2F
1-2: Ground out 6-3 (Groundball, 6)
Bottom of the 1st over - 0 run(s), 0 hit(s), 0 error(s), 0 left on base; Grand Rapids 0 - Yellowknife 0
TOP OF THE 2ND
Grand Rapids Dutch Ovens batting - Pitching for Yellowknife Claws : RHP Jason Willis
Batting: LHB Brad Fuller 0-0: Foul Ball, location: 2F
0-1: DOUBLE (Line Drive, 7LS)
Batting: RHB Weldon Bell 0-0: Ball
1-0: Ball
2-0: Called Strike
2-1: SINGLE (Flyball, 9LS)
Brad Fuller to third
Runner from 3rd tries for Home, SAFE, no throw
Batting: RHB Phil Poole 0-0: Ball
1-0: Called Strike
1-1: DOUBLE (Line Drive, 9LM)
Weldon Bell to third
Runner from 3rd tries for Home, SAFE, throw made home
Batting: RHB Wosene Garane 0-0: Ball
1-0: Ground out 5-3 (Groundball, 56)
Pitching: RHP Terry Leroux
Batting: LHB James Gibbons 0-0: Called Strike
0-1: Called Strike
0-2: Ball
1-2: Ball
2-2: Ground out 3-1 (Groundball, 34)
Phil Poole to third
Batting: LHB Abel Wheeler 0-0: Swinging Strike
0-1: Swinging Strike
0-2: Ball
1-2: Fly out, F9 (Flyball, 89M)
Top of the 2nd over - 2 run(s), 3 hit(s), 0 error(s), 1 left on base; Grand Rapids 2 - Yellowknife 0
BOTTOM OF THE 2ND
Yellowknife Claws batting - Pitching for Grand Rapids Dutch Ovens : LHP Germán Rivas
Batting: SHB Brock Owens 0-0: Called Strike
0-1: Ball
1-1: Called Strike
1-2: Ball
2-2: Fly out, F9 (Flyball, 9)
Batting: SHB Armondo Goro 0-0: Called Strike
0-1: Foul Ball, location: 2F
0-2: Foul Ball, location: 2F
0-2: Strikes out swinging
Batting: RHB Noah Sturges 0-0: Called Strike
0-1: Ball
1-1: SINGLE (Groundball, 4D)
Batting: RHB Mario Díaz 0-0: Fly out, F9 (Line Drive, 9)
Bottom of the 2nd over - 0 run(s), 1 hit(s), 0 error(s), 1 left on base; Grand Rapids 2 - Yellowknife 0
TOP OF THE 3RD
Grand Rapids Dutch Ovens batting - Pitching for Yellowknife Claws : RHP Terry Leroux
Batting: SHB Joe Emery 0-0: Called Strike
0-1: Ball
1-1: Fly out, F6 (Popup, 6)
Batting: RHB Jason Philip 0-0: Foul Ball, location: 2F
0-1: Ball
1-1: Foul Ball, location: 2F
1-2: Strikes out swinging
Batting: SHB John May 0-0: Called Strike
0-1: Ball
1-1: Ball
2-1: Fly out, F6 (Line Drive, 6)
Top of the 3rd over - 0 run(s), 0 hit(s), 0 error(s), 0 left on base; Grand Rapids 2 - Yellowknife 0
BOTTOM OF THE 3RD
Yellowknife Claws batting - Pitching for Grand Rapids Dutch Ovens : LHP Germán Rivas
Batting: RHB Bob Bishop 0-0: Ball
1-0: Called Strike
1-1: Ball
2-1: Foul Ball, location: 2F
2-2: SINGLE (Line Drive, 8LS)
Batting: RHB Jeff Benson 0-0: Ball
1-0: Foul Ball, location: 2F
1-1: Ball
2-1: SINGLE (Line Drive, 34)
Bob Bishop to second
Batting: RHB Sergio Ortíz 0-0: Ball
1-0: Grounds into double play, 5-4-3 (Groundball, 56)
Bob Bishop to third
Batting: RHB Preston Church 0-0: Ground out 6-3 (Groundball, 6)
Bottom of the 3rd over - 0 run(s), 2 hit(s), 0 error(s), 1 left on base; Grand Rapids 2 - Yellowknife 0
TOP OF THE 4TH
Grand Rapids Dutch Ovens batting - Pitching for Yellowknife Claws : RHP Terry Leroux
Batting: LHB Brad Fuller 0-0: Called Strike
0-1: Called Strike
0-2: SINGLE (Groundball, 34S) (infield hit)
Batting: RHB Weldon Bell 0-0: Ball
1-0: Ball
2-0: Foul Ball, location: 2F
2-1: Foul Ball, location: 2F
2-2: Ball
3-2: Foul Ball, location: 2F
3-2: Foul Ball, location: 2F
3-2: Fielders Choice at 2nd, 6-4 (Groundball, 6)
Batting: RHB Phil Poole 0-0: Called Strike
0-1: Ball
1-1: Foul Ball, location: 2F
1-2: Strikes out swinging
Batting: RHB Wosene Garane 0-0: Ball
1-0: Called Strike
1-1: Ball
2-1: Swinging Strike
2-2: Foul Ball, location: 2F
2-2: SINGLE (Line Drive, 56D)
Weldon Bell to second
Batting: LHB James Gibbons 0-0: SINGLE (Line Drive, 8LS)
Weldon Bell to third
Wosene Garane to second
Batting: LHB Abel Wheeler 0-0: Called Strike
0-1: Fly out, F7 (Flyball, 7S)
Top of the 4th over - 0 run(s), 3 hit(s), 0 error(s), 3 left on base; Grand Rapids 2 - Yellowknife 0
BOTTOM OF THE 4TH
Yellowknife Claws batting - Pitching for Grand Rapids Dutch Ovens : LHP Germán Rivas
Batting: RHB Rubén Palma 0-0: Ball
1-0: Ball
2-0: Foul Ball, location: 2F
2-1: SINGLE (Flyball, 8RM)
Batting: SHB Brock Owens 0-0: Called Strike
0-1: Ball
1-1: Called Strike
1-2: Ball
Rubén Palma is caught stealing 2nd base
2-2: Strikes out swinging
Batting: SHB Armondo Goro 0-0: Ball
1-0: Fly out, F8 (Flyball, 8LM)
Bottom of the 4th over - 0 run(s), 1 hit(s), 0 error(s), 0 left on base; Grand Rapids 2 - Yellowknife 0
TOP OF THE 5TH
Grand Rapids Dutch Ovens batting - Pitching for Yellowknife Claws : RHP Terry Leroux
Batting: SHB Joe Emery 0-0: Called Strike
0-1: Called Strike
0-2: Strikes out swinging
Batting: RHB Jason Philip 0-0: Reached on error, E4 (Popup, 4MD)
Batting: SHB John May 0-0: Swinging Strike
0-1: Swinging Strike
0-2: Ball
1-2: Ball
2-2: Foul Ball, location: 2F
2-2: Grounds into double play, 1-6-3 (Groundball, P)
Top of the 5th over - 0 run(s), 0 hit(s), 1 error(s), 0 left on base; Grand Rapids 2 - Yellowknife 0
BOTTOM OF THE 5TH
Yellowknife Claws batting - Pitching for Grand Rapids Dutch Ovens : LHP Germán Rivas
Batting: RHB Noah Sturges 0-0: Ball
1-0: Foul Ball, location: 2F
1-1: Ball
2-1: Ball
3-1: Base on Balls
Batting: RHB Mario Díaz 0-0: Ball
1-0: Ball
2-0: Ball
3-0: Base on Balls
Noah Sturges to second
Batting: RHB Bob Bishop 0-0: Ball
1-0: Ball
2-0: Called Strike
2-1: Fly out, F6 (Popup, 6D)
Batting: RHB Jeff Benson 0-0: Foul Ball, location: 2F
0-1: Ball
1-1: Swinging Strike
1-2: Ball
2-2: SINGLE (Groundball, 6MD)
Noah Sturges to third
Mario Díaz to second
Runner from 3rd tries for Home, SAFE, no throw
Batting: RHB Sergio Ortíz 0-0: Fielders Choice at 2nd, 4-6 (Groundball, 4)
Mario Díaz to third
Batting: RHB Preston Church 0-0: Ball
1-0: Swinging Strike
1-1: Swinging Strike
1-2: Foul Ball, location: 2F
1-2: Strikes out looking
Bottom of the 5th over - 1 run(s), 1 hit(s), 0 error(s), 2 left on base; Grand Rapids 2 - Yellowknife 1
TOP OF THE 6TH
Grand Rapids Dutch Ovens batting - Pitching for Yellowknife Claws : RHP Terry Leroux
Batting: LHB Brad Fuller 0-0: Ball
1-0: Ball
2-0: Ball
3-0: Called Strike
3-1: Called Strike
3-2: DOUBLE (Line Drive, 9LM)
Batting: RHB Weldon Bell 0-0: Called Strike
0-1: Fly out, F3 (Popup, 34)
Batting: RHB Phil Poole 0-0: Called Strike
0-1: Ball
1-1: Swinging Strike
1-2: Ball
2-2: Strikes out swinging
Batting: RHB Wosene Garane 0-0: Called Strike
0-1: Ball
1-1: Called Strike
1-2: Foul Ball, location: 2F
1-2: Strikes out swinging
Top of the 6th over - 0 run(s), 1 hit(s), 0 error(s), 1 left on base; Grand Rapids 2 - Yellowknife 1
BOTTOM OF THE 6TH
Yellowknife Claws batting - Pitching for Grand Rapids Dutch Ovens : LHP Germán Rivas
Batting: RHB Rubén Palma 0-0: Fly out, F8 (Flyball, 8LM)
Batting: SHB Brock Owens 0-0: Called Strike
0-1: Reached on error, E3 (Groundball, 34S)
Batting: SHB Armondo Goro 0-0: SINGLE (Flyball, 34D)
Brock Owens to third
Runner from 3rd tries for Home, SAFE, no throw
Batting: RHB Noah Sturges 0-0: Foul Ball, location: 2F
0-1: Ball
1-1: Ball
2-1: Reached on error, E6 (Groundball, 6)
Armondo Goro to second
Batting: RHB Mario Díaz 0-0: Ball
1-0: Swinging Strike
1-1: Ball
2-1: DOUBLE (Line Drive, 8LD)
Armondo Goro scores
Noah Sturges to third
Batting: RHB Bob Bishop 0-0: Called Strike
0-1: SINGLE (Groundball, 4MD)
Noah Sturges scores
Mario Díaz to third
Runner from 3rd tries for Home, SAFE, throw made home
Batting: RHB Jeff Benson 0-0: Ball
1-0: SINGLE (Groundball, 34) (infield hit)
Bob Bishop to second
Batting: RHB Sergio Ortíz 0-0: Called Strike
0-1: Swinging Strike
0-2: Ball
1-2: Ball
Passed Ball!
Bob Bishop to third
Jeff Benson to second
2-2: Ball
3-2: Base on Balls
Batting: RHB Preston Church 0-0: Ball
1-0: Ball
2-0: Foul Ball, location: 2F
2-1: Foul Ball, location: 2F
2-2: Foul Ball, location: 2F
2-2: Ball
3-2: Strikes out swinging
Batting: RHB Rubén Palma 0-0: Ball
1-0: Called Strike
1-1: Called Strike
1-2: Ground out 4-3 (Groundball, 4M)
Bottom of the 6th over - 4 run(s), 4 hit(s), 2 error(s), 3 left on base; Grand Rapids 2 - Yellowknife 5
TOP OF THE 7TH
Grand Rapids Dutch Ovens batting - Pitching for Yellowknife Claws : RHP Terry Leroux
Pitching: RHP Juan Elías
Batting: LHB James Gibbons 0-0: Called Strike
0-1: Ground out 5-3 (Groundball, 56)
Batting: LHB Abel Wheeler 0-0: Ball
1-0: SINGLE (Groundball, 4S) (infield hit)
Batting: SHB Joe Emery 0-0: Ball
1-0: Reached on error, E2 (Groundball, 2L)
Abel Wheeler to second
Batting: RHB Jason Philip 0-0: Ball
Abel Wheeler steals 3rd base
Joe Emery to second
1-0: Ball
2-0: Ground out 6-3 (Groundball, 56)
Abel Wheeler scores
Batting: SHB John May 0-0: Ball
1-0: Foul Ball, location: 2F
1-1: Ball
2-1: Ball
3-1: Called Strike
3-2: Base on Balls
Pinch Hitting: SHB Karl Webster 0-0: Ball
1-0: Ball
2-0: Foul Ball, location: 2F
2-1: Ball
3-1: Called Strike
3-2: Foul Ball, location: 2F
3-2: Base on Balls
Joe Emery to third
John May to second
Pinch Hitting: RHB José Díaz 0-0: Fielders Choice at 2nd, 6-4 (Groundball, 6)
Top of the 7th over - 1 run(s), 1 hit(s), 1 error(s), 2 left on base; Grand Rapids 3 - Yellowknife 5
BOTTOM OF THE 7TH
Yellowknife Claws batting - Pitching for Grand Rapids Dutch Ovens : LHP Germán Rivas
Now at 2B: Ralph Blackburn
Now at SS: José Díaz
Batting: SHB Brock Owens 0-0: Ball
1-0: SINGLE (Groundball, 4D)
Batting: SHB Armondo Goro 0-0: Fly out, F4 (Line Drive, 4M)
Batting: RHB Noah Sturges 0-0: Ball
1-0: Called Strike
1-1: Ball
2-1: DOUBLE (Line Drive, 89D)
Brock Owens to third
Batting: RHB Mario Díaz 0-0: Intentional Walk
Batting: RHB Bob Bishop 0-0: Fly out, F8 (Flyball, 8LS)
Runner from 3rd tags up, SCORES, no throw
Batting: RHB Jeff Benson 0-0: Ball
1-0: Foul Ball, location: 2F
1-1: Ball
2-1: Fielders Choice at 2nd, 4-6 (Groundball, 34)
Bottom of the 7th over - 1 run(s), 2 hit(s), 0 error(s), 1 left on base; Grand Rapids 3 - Yellowknife 6
TOP OF THE 8TH
Grand Rapids Dutch Ovens batting - Pitching for Yellowknife Claws : RHP Juan Elías
Batting: RHB Phil Poole 0-0: Called Strike
0-1: Swinging Strike
0-2: Strikes out looking
Batting: RHB Wosene Garane 0-0: Fly out, F5 (Popup, 5)
Batting: LHB James Gibbons 0-0: Ball
1-0: Ball
2-0: Called Strike
2-1: Ball
3-1: Fly out, F8 (Line Drive, 8RM)
Top of the 8th over - 0 run(s), 0 hit(s), 0 error(s), 0 left on base; Grand Rapids 3 - Yellowknife 6
BOTTOM OF THE 8TH
Yellowknife Claws batting - Pitching for Grand Rapids Dutch Ovens : LHP Germán Rivas
Batting: RHB Sergio Ortíz 0-0: Ball
1-0: Called Strike
1-1: Ball
2-1: DOUBLE (Flyball, 9LM)
Batting: RHB Preston Church 0-0: Intentional Walk
Batting: RHB Rubén Palma 0-0: Swinging Strike
0-1: Ball
1-1: Ball
2-1: Grounds into double play, 4-6-3 (Groundball, 4)
Sergio Ortíz to third
Pitching: RHP Jacob Edwards
Batting: SHB Brock Owens 0-0: Swinging Strike
0-1: Swinging Strike
0-2: Ball
1-2: Strikes out swinging
Bottom of the 8th over - 0 run(s), 1 hit(s), 0 error(s), 1 left on base; Grand Rapids 3 - Yellowknife 6
TOP OF THE 9TH
Grand Rapids Dutch Ovens batting - Pitching for Yellowknife Claws : RHP Juan Elías
Pitching: RHP Gerard Pérez
Batting: LHB Abel Wheeler 0-0: Swinging Strike
0-1: Foul Ball, location: 2F
0-2: Ball
1-2: Foul Ball, location: 2F
1-2: Ball
2-2: Foul Ball, location: 2F
2-2: SINGLE (Line Drive, 4MD)
Batting: SHB Joe Emery 0-0: Called Strike
0-1: Called Strike
0-2: Foul Ball, location: 2F
0-2: Ball
1-2: Ground out 6-3 (Groundball, 6D)
Abel Wheeler to second
Batting: RHB Jason Philip 0-0: Fly out, F8 (Flyball, 78S)
Batting: SHB John May 0-0: Ball
1-0: Swinging Strike
1-1: Ball
2-1: Foul Ball, location: 2F
2-2: Foul Ball, location: 2F
2-2: Ground out 4-3 (Groundball, 4)
Top of the 9th over - 0 run(s), 1 hit(s), 0 error(s), 1 left on base; Grand Rapids 3 - Yellowknife 6
Tuesday, August 8th, 2017 - OOTP Baseball 17.12 Build 75